 Dungeon Crawl Stone Soup version 0.24.0-13-gcf9b3192b9 (webtiles) character file.

Game seed: 4007675989458748021, levelgen mode: deterministic

21326 Sphyrna the Geomancer (level 12, -4/75 HPs)
             Began as a Gargoyle Earth Elementalist on Nov 4, 2019.
             Was the Champion of Okawaru.
             Slain by a minotaur
             ... wielding the +3 whip of Qadem {freeze, Dex+2}
              (5 damage)
             ... in a Gauntlet on Nov 5, 2019.
             The game lasted 02:04:15 (24738 turns).

Sphyrna the Geomancer (GrEE)                       Turns: 24738, Time: 02:04:16

Health: -4/75      AC: 24    Str: 14    XL:     12   Next: 88%
Magic:  2/23       EV:  8    Int: 15    God:    Okawaru [******]
Gold:   744        SH: 11    Dex: 10    Spells: 12/25 levels left

rFire    + + +     SeeInvis .   T - +1 dagger (protect)
rCold    . . .     Gourm    .   R - +4 shield of Muttered Phrases {rF++ rC- rCorr Int-4}
rNeg     + . .     Faith    .   V - +0 ring mail of Anaesthesia {MR+ Regen+ Str+2}
rPois    ∞         Spirit   .   N - +2 helmet
rElec    +         Reflect  .   (no cloak)
rCorr    +         Harm     .   f - +0 pair of gloves
MR       +....     Rnd*Rage +   (no boots) Stlth +.........NoTele +
                                k - amulet of Hussud Kaki {+Blink +Inv Regen+ Str-2}
HPRegen  1.02/turn              i - ring of protection from fire
MPRegen  0.18/turn              o - ring of protection from cold

@: protection aura, very slightly contaminated, invisible
A: berserk 1, negative energy resistance 1, electricity resistance, unbreathing,
petrification resistance, rot immunity, AC +8
a: Heroism, Finesse, Renounce Religion, Evoke Blink


You were in a Gauntlet.
You worshipped Okawaru.
Okawaru was exalted by your worship.
You were not hungry.

You visited 2 branches of the dungeon, and saw 13 of its levels.
You also visited: Ossuary and Gauntlet.

You collected 744 gold pieces.

Inventory:

Hand Weapons
 z - a +0 dagger of venom
   (You took it off Ijyb on level 4 of the Dungeon)
 C - the +11 war axe of the Sage {distort, -Tele rC+ Str+5}
   (You found it on level 6 of the Dungeon)

   It warps and distorts space around it.
   Unwielding it can cause banishment or high damage.
   It affects your strength (+5).
   It protects you from cold.
   It prevents most forms of teleportation.
 H - a +1 short sword of venom
   (Okawaru gifted it to you in a Gauntlet)
 T - a +1 dagger of protection (weapon)
   (You found it in a Gauntlet)
 Y - the +1 trident "Sumpus" {pierce, Dex+3}
   (You found it in a Gauntlet)

   It inflicts extra damage upon your enemies.
   It affects your dexterity (+3).
Missiles
 b - 105 stones (quivered)
 D - 3 throwing nets {!f}
Armour
 f - a +0 pair of gloves (worn)
   (You found it on level 1 of the Dungeon)
 N - a +2 helmet (worn)
   (You took it off Robin on level 4 of the Dungeon)
 O - a +3 ring mail of cold resistance
   (You took it off Harold on level 7 of the Dungeon)
 R - the +4 shield of Muttered Phrases (worn) {rF++ rC- rCorr Int-4}
   (You found it on level 1 of the Lair of Beasts)

   It affects your intelligence (-4).
   It greatly protects you from fire.
   It makes you vulnerable to cold.
   It provides partial protection from all sources of acid and corrosion.
 V - the +0 ring mail of Anaesthesia (worn) {MR+ Regen+ Str+2}
   (You found it on level 1 of the Lair of Beasts)

   It affects your strength (+2).
   It affects your resistance to hostile enchantments.
   It increases your rate of regeneration.
 W - the +3 leather armour of Pessimism {Regen+ rCorr}
   (You found it on level 1 of the Lair of Beasts)

   It increases your rate of regeneration.
   It provides partial protection from all sources of acid and corrosion.
Jewellery
 i - a ring of protection from fire (left hand)
   (You found it on level 4 of the Dungeon)
 k - the amulet of Hussud Kaki (around neck) {+Blink +Inv Regen+ Str-2}
   (You found it on level 5 of the Dungeon)

   [amulet of regeneration]

   It affects your strength (-2).
   It lets you turn invisible.
   It lets you blink.
   It increases your rate of regeneration.
 o - a ring of protection from cold (right hand)
   (You took it off an orc on level 2 of the Dungeon)
 X - an uncursed ring of magical power
   (You found it in a Gauntlet)
Wands
 c - a wand of disintegration (15)
   (You found it on level 9 of the Dungeon)
 d - a wand of iceblast (8)
   (You found it on level 6 of the Dungeon)
 w - a wand of polymorph (7)
   (You took it off Ijyb on level 4 of the Dungeon)
 B - a wand of enslavement (11)
   (You found it on level 6 of the Dungeon)
Scrolls
 a - 4 scrolls of identify {@r1}
 g - 3 scrolls of magic mapping
 h - 10 scrolls of teleportation {@r4}
 l - a scroll of fog {unknown}
 q - 2 scrolls of enchant weapon
 r - a scroll of amnesia {unknown}
 t - 4 scrolls of remove curse {@r2}
 y - 2 scrolls of random uselessness
 E - 6 scrolls of blinking
 G - a scroll of immolation {!r}
 I - a scroll of fear
 K - a scroll of silence {unknown}
 L - a scroll of vulnerability {unknown}
 P - a scroll of noise {unknown}
 Q - 3 scrolls of enchant armour
 U - a scroll of summoning {unknown}
Potions
 j - a potion of cancellation
 m - 2 potions of berserk rage
 n - 2 potions of agility
 p - 2 potions of haste {@q3}
 s - a potion of brilliance
 u - 3 potions of curing {@q1}
 v - 3 potions of might
 x - 3 potions of flight
 A - a potion of ambrosia
 J - 2 potions of resistance
 S - a potion of lignification {unknown}
Comestibles
 e - 21 rations {!d}


   Skills:
 + Level 8.5 Fighting
 - Level 1.5 Dodging
 - Level 2.1 Stealth
 * Level 2.0 Shields
 + Level 7.4 Spellcasting
 - Level 8.0 Conjurations
 + Level 5.7 Summonings
   Level 0.7 Transmutations
 + Level 5.2 Air Magic
 - Level 12.0 Earth Magic
 + Level 8.5 Invocations
 - Level 5.0 Evocations


You had 12 spell levels left.
You knew the following spells:

 Your Spells              Type           Power        Failure   Level  Hunger
a - Sandblast             Erth           #####.       1%          1    None
b - Stone Arrow           Conj/Erth      #####.       7%          3    ##.....
c - Lee's Rapid Deconstr  Erth           #####.....   28%         5    #####..
z - Summon Lightning Spi  Summ/Air       ###.....     83%         4    ####...

Your spell library contained the following spells:

 Spells                   Type           Power        Failure   Level  Hunger
 Summon Small Mammal      Summ           ###.         14%         1    None
 Passwall                 Tmut/Erth      ###.....     16%         2    None
 Call Imp                 Summ           ###.....     21%         2    None
 Call Canine Familiar     Summ           ###.....     38%         3    ##.....
 Petrify                  Tmut/Erth      ###.....     71%         4    ####...
 Summon Guardian Golem    Hex/Summ       ##......     78%         3    ##.....
 Summon Ice Beast         Ice/Summ       ##......     99%         4    ####...
 Ice Form                 Ice/Tmut       #.......     100%        4    ####...
 Metabolic Englaciation   Hex/Ice        #.........   100%        5    #####..
 Bolt of Cold             Conj/Ice       ###.......   100%        6    #######
 Freezing Cloud           Conj/Ice/Air   ###.......   100%        6    #######
 Ozocubu's Refrigeration  Ice            #.........   100%        6    #######
 Simulacrum               Ice/Necr       #.........   100%        6    #######


Dungeon Overview and Level Annotations

Branches:
Dungeon (11/15)            Temple (0/1) D:4            Lair (2/6) D:11
    Orc (0/2) D:11        Ossuary (visited)         Gauntlet (1/1)
  Swamp: Lair:2-4    Shoals: Lair:2-4     Snake: Lair:2-4    Spider: Lair:2-4

Altars:
Elyvilon
Fedhas
Gozag
Hepliaklqana
Kikubaaqudgha
Okawaru
Qazlal
Sif Muna
Trog
Uskayaw
Vehumet
Xom
Yredelemnul
The Shining One

Shops:
D:5 [

Annotations:
D:4 exclusion: oklob sapling
D:7 3 runed translucent doors, Shaidar's ghost, novice HOFi Gauntlet 12 transporters, 21 runed translucent doors, exclusion: obsidian statue


Innate Abilities, Weirdness & Mutations

You are resistant to torment.
Your stone body is resilient. (AC +8)
You are immune to poison.
You resist negative energy. (rN+)
You are resistant to electric shocks. (rElec)
You can survive without breathing.
You are immune to petrification.
You are immune to rotting.
You tend to lose your temper in combat.


Message History

You hit the minotaur but do no damage. The minotaur closely misses you.
You block the minotaur's attack.
You hit the minotaur.
The minotaur hits you but does no damage.
The minotaur closely misses you.
You hit the minotaur but do no damage.
The minotaur hits you but does no damage.
You block the minotaur's attack.
You hit the minotaur but do no damage. You block the minotaur's attack.
The minotaur gores you!
* * * LOW HITPOINT WARNING * * *
You hit the minotaur but do no damage. You block the minotaur's attack.
The minotaur gores you.
* * * LOW HITPOINT WARNING * * *
You hit the minotaur but do no damage. The minotaur barely misses you.
The minotaur closely misses you.
You hit the minotaur but do no damage. The minotaur completely misses you.
The minotaur gores you.
* * * LOW HITPOINT WARNING * * *
You hit the minotaur but do no damage. You block the minotaur's attack.
The minotaur gores you but does no damage.
The minotaur hits you with the +3 whip of Qadem {freeze, Dex+2}!
* * * LOW HITPOINT WARNING * * *
The minotaur freezes you.
* * * LOW HITPOINT WARNING * * *
The minotaur gores you!
* * * LOW HITPOINT WARNING * * *
You feel much better. You block the minotaur's attack.
The minotaur gores you but does no damage.
Here: a minotaur, wielding the +3 whip of Qadem {freeze, Dex+2} and wearing a +0 chain mail (moderately wounded)
An open door, spattered with blood.
You fade into invisibility!
The minotaur closely misses you. You block the minotaur's attack.
You are very lightly contaminated with residual magic.
You catch the helpless minotaur completely off-guard!
You hit the minotaur but do no damage.
Aim: a minotaur, wielding the +3 whip of Qadem {freeze, Dex+2} and wearing a +0 chain mail (moderately wounded)
The stone arrow hits the minotaur!
You don't have enough magic to cast that spell.
The minotaur barely misses you.
The minotaur gores you but does no damage.
There is an open door, spattered with blood here.
You hit the minotaur but do no damage.
The minotaur hits you with the +3 whip of Qadem {freeze, Dex+2}!!
* * * LOW HITPOINT WARNING * * *
The minotaur freezes you!
* * * LOW HITPOINT WARNING * * *
The minotaur gores you but does no damage.
The minotaur hits you with the +3 whip of Qadem {freeze, Dex+2}.
You die...

##+### #.⌠..# #...⌠+
+⌠... ..∩ #H#
#######@#######
#.....((......#
#.###.###.###.#
#.............#
###.###.###.###
#####.###.###.#####
#≈...............§# ###
####8..©.©.©.©.©.©..8####
### #8#
#8##§...............≈##8#
#8#


You could see a minotaur.

Vanquished Creatures
  2 hydras
  A hell beast (Gauntlet)
  Harold (D:7)
  Urug (D:9)
  The ghost of namelastname112 the Sneak, a novice DrAs of Dithmenos (D:6)
  4 skeletal warriors (D:9)
  Pikel (D:6)
  A cyclops (D:11)
  Psyche (D:9)
  A centaur skeleton (D:10)
  A spiny frog (Lair:1)
  A komodo dragon (Lair:1)
  2 trolls
  A hornet (D:9)
  2 hippogriffs (D:10)
  2 dream sheep
  Prince Ribbit (D:8)
  A wraith (D:10)
  15 yaks
  Grum (D:11)
  3 swamp worms (Gauntlet)
  6 water moccasins
  A hell hound (Gauntlet)
  7 porcupines
  2 orc warriors (D:9)
  2 ice beasts (D:9)
  2 sky beasts
  4 slaves (D:6)
  5 phantoms
  A black bear (D:8)
  4 wolves (D:10)
  4 eyes of draining
  4 necrophages
  5 ogres
  4 centaurs
  5 crocodiles
  9 bullfrogs
  5 big kobolds
  A gnoll sergeant (D:10)
  3 small abominations (Gauntlet)
  6 scorpions
  11 killer bees
  A vampire bat (D:10)
  7 wights
  4 howler monkeys
  4 crimson imps
  2 bullfrog zombies
  2 centaur zombies
  5 jellies
  A bullfrog skeleton (D:4)
  A gnoll shaman (D:6)
  8 hounds
  2 orc priests
  6 orc wizards
  Ijyb (D:4)
  Terence (D:1)
  An iguana (D:11)
  9 worker ants
  A hound zombie (D:9)
  4 hound skeletons
  8 mummies (Ossuary)
  Robin (D:4)
  20 gnolls
  12 adders
  A shadow imp (D:5)
  2 adder zombies
  5 adder skeletons
  4 worms
  3 dart slugs
  5 leopard geckos
  27 orcs
  3 ball pythons
  5 giant cockroaches
  19 goblins
  11 hobgoblins
  14 jackals
  14 kobolds
  7 quokkas
  15 bats
  7 frilled lizards
  2 gnoll zombies (Ossuary)
  2 hobgoblin zombies (Ossuary)
  2 kobold zombies (Ossuary)
  3 leopard gecko skeletons
  2 leopard gecko zombies (D:8)
  2 orc zombies (Ossuary)
  3 quokka zombies
  7 rats
  A fire vortex (Lair:1)
402 creatures vanquished.

Vanquished Creatures (others)
  A quokka (D:5)
  2 fungi (Gauntlet)
  13 plants
16 creatures vanquished.

Grand Total: 418 creatures vanquished

Notes
Turn   | Place    | Note
-------+----------+-------------------------------------------
     0 | D:1      | Sphyrna the Gargoyle Earth Elementalist began the quest for
                  | the Orb.
     0 | D:1      | Reached XP level 1. HP: 10/10 MP: 3/3
   397 | D:1      | Reached XP level 2. HP: 15/16 MP: 5/5
   421 | D:1      | Reached skill level 4 in Earth Magic
   957 | D:1      | Reached skill level 1 in Fighting
  1686 | D:1      | Reached XP level 3. HP: 20/20 MP: 3/6
  1691 | D:1      | Learned a level 3 spell: Stone Arrow
  2079 | D:2      | Reached XP level 4. HP: 24/25 MP: 7/7
  2374 | D:2      | Reached skill level 5 in Earth Magic
  2732 | D:2      | Found an ancient bone altar of Kikubaaqudgha.
  2748 | D:2      | Noticed Terence
  4880 | D:1      | HP: 1/26 [Terence/+0 flail (6)]
  4882 | D:1      | Killed Terence
  4882 | D:1      | Reached XP level 5. HP: 1/30 MP: 3/9
  5413 | D:3      | Found an opulent altar of Gozag.
  6068 | D:3      | Found an iron altar of Okawaru.
  6085 | D:3      | Became a worshipper of Warmaster Okawaru
  6493 | D:3      | Reached skill level 6 in Earth Magic
  6497 | D:3      | Reached XP level 6. HP: 29/36 MP: 1/10
  6504 | D:3      | Learned a level 5 spell: Lee's Rapid Deconstruction
  6965 | D:3      | Found a stormy altar of Qazlal.
  7186 | D:4      | Noticed a phantom
  7199 | D:4      | Killed a phantom
  7199 | D:4      | Reached skill level 1 in Conjurations
  7648 | D:4      | Found a staircase to the Ecumenical Temple.
  7674 | D:4      | Noticed Robin
  7698 | D:4      | Killed Robin
  7787 | D:4      | Reached XP level 7. HP: 37/41 MP: 12/12
  8014 | D:4      | Noticed Ijyb
  8177 | D:4      | Killed Ijyb
  8177 | D:4      | Reached skill level 7 in Earth Magic
  8376 | D:4      | Reached * piety under Okawaru
  8506 | D:4      | Found a basalt altar of Yredelemnul.
  8622 | D:4      | Found a bloodstained altar of Trog.
  8864 | D:4      | Reached XP level 8. HP: 48/48 MP: 0/14
  9128 | D:5      | Entered Level 5 of the Dungeon
  9237 | D:5      | Reached skill level 8 in Earth Magic
  9451 | D:5      | Found a white marble altar of Elyvilon.
  9603 | D:5      | Found a radiant altar of Vehumet.
  9681 | D:5      | Reached ** piety under Okawaru
  9977 | D:5      | Got an ancient diamond amulet
  9986 | D:5      | Identified the amulet of Hussud Kaki {+Blink +Inv Regen+
                  | Str-2} (You found it on level 5 of the Dungeon)
 10376 | D:5      | Found Gaqenun's Armour Shoppe.
 10510 | D:6      | Found a shimmering altar of Xom.
 10674 | D:5      | Reached skill level 5 in Conjurations
 10674 | D:5      | Reached skill level 1 in Invocations
 10737 | D:6      | Found a runed translucent door.
 10777 | D:6      | Got a scorched war axe
 11056 | D:6      | Reached skill level 1 in Evocations
 11099 | D:6      | Learned a level 4 spell: Summon Lightning Spire
 11179 | D:6      | Reached XP level 9. HP: 53/53 MP: 15/15
 11274 | D:6      | Noticed namelastname112's ghost (novice DrAs)
 11401 | D:6      | Killed namelastname112's ghost
 11401 | D:6      | Reached *** piety under Okawaru
 11401 | D:6      | Reached skill level 5 in Fighting
 11401 | D:6      | Reached skill level 1 in Summonings
 11401 | D:6      | Reached skill level 1 in Air Magic
 11401 | D:6      | Reached skill level 9 in Earth Magic
 11509 | D:7      | Noticed Pikel
 11861 | D:6      | Killed Pikel
 11861 | D:6      | Reached **** piety under Okawaru
 11861 | D:6      | Reached skill level 5 in Spellcasting
 12486 | D:7      | Found a runed translucent gate.
 12486 | D:7      | Found a runed translucent gate.
 12488 | D:7      | Found a runed translucent gate.
 12489 | D:7      | Noticed Shaidar's ghost (novice HOFi)
 12490 | D:7      | Noticed a kobold demonologist
 12490 | D:7      | Identified the +7 dagger "Grom" {pain, *Corrode rF+++ Int-3
                  | SInv}
 12577 | D:7      | Found a shimmering blue altar of Sif Muna.
 12913 | D:8      | Reached XP level 10. HP: 58/59 MP: 17/17
 13025 | D:8      | Found a sand-covered staircase.
 13030 | Ossuary  | Entered an ossuary
 13643 | D:8      | Noticed a three-headed hydra
 13879 | D:7      | Killed a three-headed hydra
 13879 | D:7      | Reached ***** piety under Okawaru
 13879 | D:7      | Reached skill level 10 in Earth Magic
 13879 | D:7      | Reached skill level 5 in Invocations
 14053 | D:8      | Found a hide-covered altar of Uskayaw.
 14170 | D:8      | Noticed Harold
 14208 | D:7      | Killed Harold
 14585 | D:8      | Found a blossoming altar of Fedhas.
 14920 | D:8      | Noticed Prince Ribbit
 14931 | D:8      | Killed Prince Ribbit
 15010 | D:8      | Found a glowing golden altar of the Shining One.
 15668 | D:9      | Reached XP level 11. HP: 59/64 MP: 19/19
 15691 | D:9      | Found a hazy altar of Hepliaklqana.
 16390 | D:9      | Received a gift from Okawaru
 16582 | D:9      | Reached skill level 11 in Earth Magic
 16867 | D:9      | Noticed Psyche
 17185 | D:9      | Killed Psyche
 17423 | D:10     | Entered Level 10 of the Dungeon
 17585 | D:10     | Reached ****** piety under Okawaru
 18252 | D:10     | Noticed Urug
 18419 | D:9      | Killed Urug
 18723 | D:10     | Noticed a skeletal warrior
 18723 | D:10     | Noticed a skeletal warrior
 18724 | D:10     | Noticed a skeletal warrior
 19112 | D:9      | Killed a skeletal warrior
 19231 | D:10     | Noticed a skeletal warrior
 19569 | D:9      | Killed a skeletal warrior
 19706 | D:9      | Killed a skeletal warrior
 19706 | D:9      | Reached XP level 12. HP: 43/72 MP: 0/21
 19979 | D:9      | Reached skill level 12 in Earth Magic
 20257 | D:10     | Received a gift from Okawaru
 20628 | D:9      | Reached skill level 5 in Evocations
 20991 | D:11     | Noticed Grum
 21215 | D:11     | Killed Grum
 21215 | D:11     | Reached skill level 5 in Summonings
 21323 | D:11     | Found a staircase to the Orcish Mines.
 21671 | D:11     | Noticed a four-headed hydra
 21748 | D:10     | Killed a four-headed hydra
 21922 | D:11     | Found a staircase to the Lair.
 22597 | D:11     | Upgraded the game from 0.24.0-10-g970556be89 to
                  | 0.24.0-13-gcf9b3192b9
 22599 | Lair:1   | Entered Level 1 of the Lair of Beasts
 22609 | Lair:1   | Got a bone quarterstaff
 22902 | Lair:1   | Reached skill level 5 in Air Magic
 23083 | Lair:1   | Got a jewelled ring mail
 23106 | Lair:1   | Identified the cursed +0 ring mail of Anaesthesia {MR+
                  | Regen+ Str+2} (You found it on level 1 of the Lair of
                  | Beasts)
 23231 | Lair:1   | Got a bronze leather armour
 23279 | D:11     | Identified the +3 leather armour of Pessimism {Regen+
                  | rCorr} (You found it on level 1 of the Lair of Beasts)
 23401 | Lair:1   | Got a fine shield
 23410 | Lair:1   | Identified the +4 shield of Muttered Phrases {rF++ rC-
                  | rCorr Int-4} (You found it on level 1 of the Lair of
                  | Beasts)
 23747 | Lair:2   | Found a gate leading to a gauntlet.
 23766 | Gauntlet | Entered a Gauntlet
 23766 | Gauntlet | Found a transporter.
 23775 | Gauntlet | Noticed a death ooze
 23776 | Gauntlet | Found a transporter.
 23790 | Gauntlet | Found a transporter.
 23792 | Gauntlet | Found a large runed translucent door.
 23793 | Gauntlet | Found a large runed translucent door.
 23794 | Gauntlet | Found a large runed translucent door.
 23794 | Gauntlet | Found a large runed translucent door.
 23794 | Gauntlet | Found a runed translucent door.
 23795 | Gauntlet | Found a transporter.
 23796 | Gauntlet | Found a runed translucent door.
 23797 | Gauntlet | Found a large runed translucent door.
 23797 | Gauntlet | Found a large runed translucent door.
 23798 | Gauntlet | Found a large runed translucent door.
 23799 | Gauntlet | Found a large runed translucent door.
 23803 | Gauntlet | Found a large runed translucent door.
 23803 | Gauntlet | Found a large runed translucent door.
 23804 | Gauntlet | Found a large runed translucent door.
 23804 | Gauntlet | Found a large runed translucent door.
 23805 | Gauntlet | Found a large runed translucent door.
 23805 | Gauntlet | Found a large runed translucent door.
 23805 | Gauntlet | Found a large runed translucent door.
 23805 | Gauntlet | Found a large runed translucent door.
 23809 | Gauntlet | Found a runed translucent gate.
 23809 | Gauntlet | Found a runed translucent gate.
 23809 | Gauntlet | Found a runed translucent gate.
 23810 | Gauntlet | Noticed a catoblepas
 23811 | Gauntlet | Found a transporter.
 23829 | Gauntlet | Noticed a hell hog
 23830 | Gauntlet | Found a transporter.
 23842 | Gauntlet | Found a transporter.
 23854 | Gauntlet | Found a transporter.
 23862 | Gauntlet | Noticed a wretched star
 23863 | Gauntlet | Found a transporter.
 23875 | Gauntlet | Noticed a hell beast
 23878 | Gauntlet | Found a transporter.
 23886 | Gauntlet | Found a transporter.
 23886 | Gauntlet | Found a transporter.
 23933 | Gauntlet | Found a transporter.
 23960 | Gauntlet | Found a transporter.
 23978 | Gauntlet | Found a transporter.
 23980 | Gauntlet | Found a transporter.
 24060 | Gauntlet | Found a transporter.
 24080 | Gauntlet | Found a transporter.
 24271 | Gauntlet | Got an encrusted helmet
 24370 | Gauntlet | Identified the cursed +0 helmet "Hudir" {Dex+2} (You found
                  | it in a Gauntlet)
 24420 | Gauntlet | Reached skill level 1 in Shields
 24479 | Gauntlet | Got an ivory trident
 24481 | Gauntlet | Identified the cursed +1 trident "Sumpus" {pierce, Dex+3}
                  | (You found it in a Gauntlet)
 24483 | Gauntlet | Identified the +11 war axe of the Sage {distort, -Tele rC+
                  | Str+5} (You found it on level 6 of the Dungeon)
 24525 | Gauntlet | Killed a hell beast
 24525 | Gauntlet | Received a gift from Okawaru
 24541 | Gauntlet | Got a scorched cloak
 24547 | Gauntlet | Identified the cursed -3 cloak "Kovosutu" {Dex+2} (You
                  | found it in a Gauntlet)
 24559 | Gauntlet | Gained mutation: You tend to lose your temper in combat.
                  | [mutagenic glow]
 24674 | Gauntlet | Identified the +3 whip of Qadem {freeze, Dex+2}
 24674 | Gauntlet | Noticed a minotaur
 24732 | Gauntlet | HP: 3/75 [minotaur/the +3 whip of Qadem {freeze, Dex+2}
                  | (7)]
 24738 | Gauntlet | HP: 1/75 [minotaur/the +3 whip of Qadem {freeze, Dex+2}
                  | (7)]
 24738 | Gauntlet | Slain by a minotaur

Levels and vault maps discovered:
D:1:      dpeg_arrival_snail, layout_loops_corners, minmay_misc_feat_five,
          minmay_misc_feat_four_crosses, corexii_item_surrounded_by_moat,
          fountainhead, minmay_pentomino_s4
D:2:      layout_basic, kiku_gazebo_pond_becter, uniq_terence
D:3:      layout_loops_ring, marbit_many_paths, okawaru_metal_pillars_3,
          nicolae_overflow_crystal_walls
D:4:      kennysheep_the_goblin_king, layout_gridville, trog_eyes_of_draining,
          yredelemnul_altar_generic, minmay_temple_entry_oklob, first_ration,
          uniq_ijyb, uniq_robin
D:5:      layout_basic, lemuel_round_altar, serial_shops, kennysheep_mini,
          elyvilon_altar_4
D:6:      layout_rooms, overflow_temple_1_default, ebering_ghost_reflecting_pool
D:7:      layout_rooms, led_sif_book, gammafunk_ghost_nasty_kobolds, uniq_pikel
D:8:      layout_basic, tso_oasis_becter, eat_drink_and_be_merry_uskayaw,
          overflow_temple_1_default, nicolae_ossuary_entry_plus, st_stairs_14,
          hangedman_ranch [blue_anna_fruit_fields], uniq_prince_ribbit1,
          uniq_harold
D:9:      minmay_s_stair_smasher, layout_grid_maze, lemuel_doored_altar,
          uniq_psyche
D:10:     layout_cave_pools, roderic_batcave, uniq_urug
D:11:     layout_irregular_city, minmay_lair_entry_grove, minivault_4, uniq_grum
Lair:1:   layout_gridlike
Lair:2:   layout_concentric_octagons, gauntlet_entry_generic, st_stairs_8,
          minivault_26, minivault_27, minmay_lair_oklob_items,
          lemuel_fruit_tree, lemuel_fruit_fields
Gauntlet: gammafunk_gauntlet_one_two_three [nicolae_gauntlet_arena_grate_2,
          gammafunk_gauntlet_arena_split_x, gammafunk_gauntlet_arena_teeth,
          gammafunk_gauntlet_arena_corners, gammafunk_gauntlet_arena_spirals,
          gammafunk_gauntlet_arena_mazey, gammafunk_gauntlet_arena_arrow_garden,
          nicolae_gauntlet_arena_flowing_pool,
          minmay_gauntlet_arena_make_your_own_arena, gauntlet_exit_hidden_loot]

Skill      XL: |  1  2  3  4  5  6  7  8  9 10 11 12 |
---------------+-------------------------------------+-----
Earth Magic    | 4 5 6 7 8 9 10 11 12 | 12.0
Fighting       | 1 2 3 4 5 6 7 8 |  8.5
Spellcasting   | 3 4 5 6 7 |  7.4
Conjurations   | 2 4 5 6 7 8 |  8.0
Invocations    | 2 4 6 7 8 |  8.5
Evocations     | 1 2 3 4 5 |  5.0
Summonings     | 2 3 4 5 |  5.7
Air Magic      | 1 2 4 5 |  5.2
Shields        | 2 |  2.0
Dodging        | |  1.5
Stealth        | |  2.1
Transmutations | |  0.7

Action                   |  1- 3 |  4- 6 |  7- 9 | 10-12 || total
-------------------------+-------+-------+-------+-------++-------
Melee: Unarmed           |    73 |       |       |       ||    73
       Dagger            |   142 |   557 |   740 |  1563 ||  3002
 Cast: Sandblast         |     5 |    50 |    37 |   137 ||   229
       Stone Arrow       |       |     7 |    16 |   140 ||   163
       Lee's Rapid Decon |       |       |       |     1 ||     1
Invok: Heroism           |       |       |       |     1 ||     1
       Finesse           |       |       |       |     1 ||     1
 Abil: Evoke Blink       |       |       |       |     5 ||     5
Evoke: Wand              |       |       |       |     3 ||     3
  Use: Scroll            |       |     5 |       |    20 ||    25
       Potion            |       |       |       |     5 ||     5
 Stab: Sleeping          |     2 |     1 |     2 |     1 ||     6
       Invisible         |       |       |       |     1 ||     1
  Eat: Chunk             |     4 |    13 |    15 |    32 ||    64
       Ration            |       |     2 |     1 |     4 ||     7
Armor: Robe              |     7 |       |       |       ||     7
       Ring mail         |    99 |   242 |   359 |  1080 ||  1780
Dodge: Dodged            |   128 |   277 |   318 |   937 ||  1660
Block: Shield            |       |       |       |    89 ||    89
